 Dungeon Crawl Stone Soup version 0.18-a0-1120-g03bd624 (webtiles) character file.

270 gorblad the Covert (level 6, 0/48 HPs)
             Began as a Vampire Assassin on Jan 17, 2016.
             Succumbed to poison (a potion of poison)
             ... on level 4 of the Dungeon.
             The game lasted 00:07:50 (3098 turns).

gorblad the Covert (Vampire Assassin)               Turns: 3098, Time: 00:07:50

Health: 0/48       AC:  3    Str: 10    XL:     6   Next: 1%
Magic:  6/6        EV: 16    Int: 14    God:
Gold:   208        SH:  0    Dex: 17    Spells: 0 memorised, 5 levels left

rFire  . . .     SeeInvis +     a - +3 dagger
rCold  . . .     Gourm    .     c - +0 robe
rNeg   + . .     Faith    .     (no shield)
rPois  .         Spirit   .     (no helmet)
rElec  .         Dismiss  .     d - +0 cloak
rCorr  .         Reflect  .     (no gloves)
SustAt .         Harm     .     (no boots)
MR     .....                    (no amulet)
Stlth  +++++.....               (no ring)
                                (no ring)

@: lethally poisoned (0 -> -31), not resistant to hostile enchantments, quite
stealthy
A: fangs 3, repulsion field 1, see invisible, deterioration 1, robust 1,
unbreathing
a: Bat Form


You were on level 4 of the Dungeon.
You were not thirsty.

You visited 1 branch of the dungeon, and saw 4 of its levels.

You collected 208 gold pieces.

Inventory:

Hand Weapons
 a - a +3 dagger (weapon)
 b - a +0 blowgun
Missiles
 e - 12 poisoned needles
 f - 2 curare-tipped needles
Armour
 c - a +0 robe (worn)
 d - a +0 cloak (worn)
 q - a +2 large shield
Jewellery
 l - a cursed amulet of inaccuracy
Scrolls
 n - a scroll of remove curse
Potions
 g - 16 potions of blood
 i - a potion of invisibility
 r - 2 potions of agility
Books
 t - a book of Necromancy

   Spells                             Type                      Level
   a - Pain                           Necromancy                   1
   b - Animate Skeleton               Necromancy                   1
   c - Vampiric Draining              Necromancy                   3
   d - Regeneration                   Charms/Necromancy            3
   e - Animate Dead                   Necromancy                   4
   f - Control Undead                 Necromancy                   4


   Skills:
 - Level 1.7 Fighting
 - Level 2.1 Short Blades
 - Level 1.5 Throwing
 + Level 3.6 Dodging
 * Level 9.8 Stealth


You had 5 spell levels left.
You didn't know any spells.

Dungeon Overview and Level Annotations

Branches:
Dungeon (4/15)
 Temple: D:4-7

Altars:
Ashenzari
Trog


Innate Abilities, Weirdness & Mutations

You have razor-sharp teeth.
You have supernaturally acute eyesight.
You can survive without breathing.
You are surrounded by a mild repulsion field (EV +2).
Your body sometimes deteriorates upon taking damage.
You are robust (+10% HP).


Message History

It was a potion of mutation.
You feel extremely strange.
You feel robust.
You begin to radiate repulsive energy.
You feel yourself wasting away.
* * * LOW HITPOINT WARNING * * *
You feel sick.
Drink which item? (? for menu, Esc to quit)
It was a potion of cancellation.
Your magical effects are unravelling.
You feel magically purged.
Your resistance to elements expires.
* * * LOW HITPOINT WARNING * * *
You feel sick.
Drink which item? (? for menu, Esc to quit)
It was a potion of lignification.
You feel woody for a moment.
* * * LOW HITPOINT WARNING * * *
You feel sick.
Drink which item? (? for menu, Esc to quit)
It was a potion of poison.
That liquid tasted very nasty...
You are more poisoned.
You die...

#........#......
#....<...#......
##..............
#(..........#...
#...........#.#
#.............#
#......(...#..#
.########..#.##
##.#@# #..†.#
#..#). #..####
#... ...# .###


There were no monsters in sight!

Vanquished Creatures
  An ogre (D:3)
  A hound (D:4)
  Jessica (D:3)
  A worker ant (D:4)
  5 adders
  A worm (D:3)
  A giant gecko (D:2)
  An orc (D:3)
  A ball python (D:3)
  8 bats
  2 giant cockroaches (D:3)
  8 goblins
  10 hobgoblins
  2 quokkas
  2 giant newts
  9 kobolds
  5 rats
59 creatures vanquished.

Notes
Turn   | Place    | Note
--------------------------------------------------------------
     0 | D:1      | gorblad the Vampire Assassin began the quest for the Orb.
     0 | D:1      | Reached XP level 1. HP: 16/16 MP: 1/1
   172 | D:1      | Reached skill level 6 in Stealth
   529 | D:1      | Reached XP level 2. HP: 15/22 MP: 2/2
  1055 | D:2      | Reached skill level 7 in Stealth
  1384 | D:2      | Reached XP level 3. HP: 25/27 MP: 3/3
  1422 | D:2      | Found a bloodstained altar of Trog.
  2302 | D:3      | Reached skill level 8 in Stealth
  2302 | D:3      | Reached XP level 4. HP: 33/33 MP: 4/4
  2592 | D:3      | Found a shattered altar of Ashenzari.
  2615 | D:3      | Noticed Jessica
  2633 | D:3      | Killed Jessica
  2648 | D:3      | Noticed an ogre
  2658 | D:3      | Killed an ogre
  2658 | D:3      | Reached skill level 9 in Stealth
  2658 | D:3      | Reached XP level 5. HP: 32/38 MP: 5/5
  3093 | D:4      | Reached XP level 6. HP: 9/44 MP: 6/6
  3095 | D:4      | Gained mutation: You are robust (+10% HP). [potion of mutation]
  3095 | D:4      | Gained mutation: You are surrounded by a mild repulsion field (EV +2). [potion of mutation]
  3095 | D:4      | Gained mutation: Your body sometimes deteriorates upon taking damage. [potion of mutation]
  3097 | D:4      | HP: 2/48 [poisoned by a worker ant]
  3098 | D:4      | Succumbed to poison (a potion of poison)

Vault maps used:
D:1:      eino_arrival_cavern_c, hangedman_decor_points, amethyst_killhole
D:2:      old_standard_altar, first_bread
D:3:      evilmike_ruin_ashenzari, saegor_snake_ambush, uniq_jessica
D:4:      okawaru_altar_gauntlet_db, minmay_distorted

Action                   |  1- 3 |  4- 6 || total
-------------------------+-------+-------++-------
Melee: Dagger            |    97 |    89 ||   186
  Use: Scroll            |     7 |     1 ||     8
       Potion            |       |     8 ||     8
 Stab: Sleeping          |    17 |     6 ||    23
